 Dungeon Crawl Stone Soup version 0.20.1-1-g8b1a95d (webtiles) character file.

28 Mimshu the Conjurer (level 2, -2/20 HPs)
             Began as a Draconian Conjurer on Nov 29, 2017.
             Slain by a jackal (3 damage)
             ... on level 2 of the Dungeon.
             The game lasted 00:09:54 (1936 turns).

Mimshu the Conjurer (Draconian Conjurer)            Turns: 1936, Time: 00:09:56

Health: -2/20      AC:  4    Str: 10    XL:     2   Next: 96%
Magic:  1/5        EV: 12    Int: 15    God:
Gold:   56         SH:  0    Dex: 11    Spells: 4/5 levels left

rFire    . . .     SeeInvis .   p - -2 dagger (curse)
rCold    . . .     Gourm    .   (no shield)
rNeg     . . .     Faith    .   (armour unavailable)
rPois    +         Spirit   .   (helmet restricted)
rElec    .         Reflect  .   (no cloak)
rCorr    .         Harm     .   (no gloves)
MR       .....                  (no boots)
Stlth    ++........             (no amulet)
Regen    0.1/turn               o - ring of poison resistance
MPRegen  0.1/turn               (no ring)

@: very slightly contaminated
A: unfitting armour, cold-blooded, AC +4
a: no special abilities


You were on level 2 of the Dungeon.
You were not hungry.

You visited 1 branch of the dungeon, and saw 2 of its levels.

You collected 56 gold pieces.

Inventory:

Hand Weapons
 h - a +0 club
 j - a +0 club
 k - a +0 short sword
 m - a +0 club
 p - a cursed -2 dagger (weapon)
Missiles
 g - 53 bolts
 i - 22 sling bullets
Armour
 e - a +0 chain mail
 l - a +0 robe
 n - a +0 leather armour
Jewellery
 f - a +4 amulet of reflection {unknown}
 o - a ring of poison resistance (left hand)
Scrolls
 c - a scroll of noise {unknown}
 q - a scroll of fog {unknown}
Potions
 d - a potion of lignification {unknown}
Books
 a - a book of Conjurations

   Spells                             Type                      Level
   a - Magic Dart                     Conjuration                  1
   b - Searing Ray                    Conjuration                  2
   c - Dazzling Spray                 Conjuration/Hexes            3
   d - Fulminant Prism                Conjuration/Hexes            4
   e - Force Lance                    Conjuration/Translocation    4
   f - Iskenderun's Mystic Blast      Conjuration                  4
Comestibles
 b - a bread ration


   Skills:
 + Level 0.2 Short Blades
 + Level 1.8 Dodging
 + Level 2.1 Stealth
 + Level 2.0 Spellcasting
 + Level 4.7 Conjurations


You had 4 spell levels left.
You knew the following spells:

 Your Spells              Type           Power        Failure   Level  Hunger
a - Magic Dart            Conj           ###.         3%          1    #......


Dungeon Overview and Level Annotations

Branches:
Dungeon (2/15)

Altars:


Innate Abilities, Weirdness & Mutations

Your plain brown scales are hard. (AC +4)
You cannot fit into any form of body armour.
You are cold-blooded and may be slowed by cold attacks.


Message History

The jackal is lightly wounded.
The jackal bites you but does no damage.
The jackal closely misses you. The goblin hits you with a dagger.
* * * LOW HITPOINT WARNING * * *
The jackal barely misses you. The jackal barely misses you.
The jackal barely misses you.
You hit the goblin but do no damage. The jackal bites you.
* * * LOW HITPOINT WARNING * * *
The jackal bites you but does no damage.
The jackal barely misses you. The goblin barely misses you.
The jackal barely misses you.
You closely miss the goblin.
The jackal bites you but does no damage.
The jackal barely misses you.
The jackal bites you but does no damage.
The goblin hits you with a dagger.
* * * LOW HITPOINT WARNING * * *
The jackal bites you.
You die...

......#.#.##########
......#.#..........#
......#.#..........#
........#..........#
###.....#..........#
.........†.........#
###.....#..........#
........#......hh..#
##......##....Kh@..#
........##.....g...#
..#####............#
.. #....############
#....##.........#
#....##.#######.#
#######....##.# #.#
#..........##.# #.#
#.....)....##.# #.#


You could see 3 jackals, a goblin and a kobold.

Vanquished Creatures
  A dart slug (D:1)
  A leopard gecko (D:1)
  3 bats (D:1)
  4 goblins
  4 hobgoblins (D:1)
  A jackal (D:2)
  4 kobolds (D:1)
  A frilled lizard (D:1)
  2 rats (D:1)
21 creatures vanquished.

Notes
Turn   | Place    | Note
-------+----------+-------------------------------------------
     0 | D:1      | Mimshu the Draconian Conjurer began the quest for the Orb.
     0 | D:1      | Reached XP level 1. HP: 14/14 MP: 3/3
   692 | D:1      | Reached XP level 2. HP: 20/20 MP: 0/5
  1936 | D:2      | HP: 1/20 [goblin/dagger (1)]
  1936 | D:2      | Slain by a jackal

Skill      XL: |  1  2 |
---------------+-------+-----
Stealth        | 2 |  2.1
Short Blades   | |  0.2
Dodging        | |  1.8
Spellcasting   | |  2.0
Conjurations   | |  4.7

Action                   || total
-------------------------++-------
Melee: Unarmed           ||     4
       Tailslap          ||     2
       Short sword       ||    10
       Dagger            ||     5
 Cast: Magic Dart        ||    41
  Eat: Chunk             ||     2
       Bread ration      ||     1
Armor: Skin              ||    15
Dodge: Dodged            ||    34
